 Dungeon Crawl Stone Soup version 0.27-a0-279-gdfb9265905 (webtiles) character file.

Game seed: 15804534092064015298

103 lessens the Magician (level 4, -3/30 HPs)
             Began as a Mummy Hedge Wizard on Feb 7, 2021.
             Engulfed by a cloud of flame (33 damage)
             ... on level 3 of the Dungeon.
             The game lasted 00:06:00 (3238 turns).

lessens the Magician (Mummy Hedge Wizard)           Turns: 3238, Time: 00:06:01

Health: -3/30      AC:  2    Str: 13    XL:     4   Next: 51%
Magic:  5/11       EV: 12    Int: 14    God:
Gold:   72         SH:  0    Dex: 11    Spells: 5/14 levels left

rFire    x . .     SeeInvis .   a - +0 dagger
rCold    + . .     Faith    .   (no shield)
rNeg     + + +     Spirit   .   b - +0 robe
rPois    ∞         Reflect  .   c - +0 hat
rElec    .         Harm     .   l - scarf {+Inv}
rCorr    .         Rampage  .   (no gloves)
Will     .....                  (no boots)
Stlth    ++........             (no amulet)
HPRegen  0.10/turn              (no ring)
MPRegen  0.12/turn              (no ring)

@: no status effects
A: no potions, fire vulnerability, cold resistance 1, negative energy resistance
3, torment resistance, unbreathing
a: Evoke Invisibility


You were on level 3 of the Dungeon.
You visited 1 branch of the dungeon, and saw 3 of its levels.

You collected 72 gold pieces.

Inventory:

Hand Weapons
 a - a +0 dagger (weapon)
Missiles
 d - 30 stones
Armour
 b - a +0 robe (worn)
 c - a +0 hat (worn)
 l - a scarf of invisibility (worn)
Jewellery
 f - an uncursed ring of magical power {unknown}
 n - an uncursed ring of willpower {unknown}
Scrolls
 e - 3 scrolls of amnesia {unknown}
 g - 2 scrolls of remove curse {unknown}
 h - a scroll of fog {unknown}
 i - a scroll of blinking {unknown}
 j - 3 scrolls of enchant weapon {unknown}
 k - 2 scrolls of identify {unknown}
 m - a scroll of teleportation {unknown}


   Skills:
 - Level 1.5 Dodging
 - Level 1.5 Stealth
 + Level 5.5 Spellcasting
 + Level 2.5 Conjurations
 - Level 0.7 Summonings
 - Level 0.7 Translocations


You had 5 spell levels left.
You knew the following spells:

 Your Spells              Type           Power        Failure   Level
a - Magic Dart            Conj           44%          6%          1
b - Conjure Flame         Conj/Fire      7%           30%         3
c - Mephitic Cloud        Conj/Pois/Air  6%           34%         3
B - Blink                 Tloc           N/A          19%         2

Your spell library contained the following spells:

 Spells                   Type           Power        Failure   Level
 Call Imp                 Summ           5%           19%         2
 Slow                     Hex            3%           26%         2


Dungeon Overview and Level Annotations

Branches:
Dungeon (3/15)

Altars:


Innate Abilities, Weirdness & Mutations

You do not drink.
Your flesh is vulnerable to fire.
You are immune to poison.
Your flesh is cold resistant. (rC+)
You are immune to negative energy. (rN+++)
You are immune to unholy pain and torment.
You can survive without breathing.


Message History

You see here a cursed -2 club.
You see here a rat corpse.
Found an escape hatch in the ceiling.
Found a ring mail.
The big kobold shouts!
A big kobold is nearby!
A big kobold is nearby!
You see here a rat corpse.
You see here a cursed -2 club.
The big kobold throws a stone.
The stone barely misses you.
Casting: Magic Dart (safe; 6% risk of failure)
Confirm with . or Enter, or press ? or * to list all spells.
The spell is quite dangerous to cast (30% risk of failure)!
Continue anyway?
The fire begins to smolder!
Casting: Conjure Flame (quite dangerous; 30% risk of failure)
Confirm with . or Enter, or press ? or * to list all spells.
The spell is quite dangerous to cast (30% risk of failure)!
Continue anyway?
The fire ignites!
You are engulfed in blazing flames.
Ouch! That really hurt!
You die...

#.....#######......###
#####.# ######...## #.###
###..## #...## ##.## #####
###..# #.## #...#
##.########## #... #...#
#..........# ###.
#...########..........# ##..
#........K.@..>.......###..#
#...#..†####..........##..##
#<..###.###...........##.##
#[..# #...............##.#
##### #K####.........!...##
#..###.........>....##
#...##..........##....
###.K..#######.###.###
#..#.# #....##.#


You could see a big kobold.

Vanquished Creatures
  5 adders
  An adder skeleton (D:2)
  A worm (D:3)
  A dart slug (D:1)
  4 giant cockroaches
  10 goblins
  8 hobgoblins
  A jackal (D:2)
  6 kobolds
  A quokka (D:2)
  A ball python (D:1)
  4 bats
  2 frilled lizards
  3 rats
48 creatures vanquished.

Notes
Turn   | Place    | Note
-------+----------+-------------------------------------------
     0 | D:1      | lessens the Mummy Hedge Wizard began the quest for the Orb.
     0 | D:1      | Reached XP level 1. HP: 13/13 MP: 5/5
   127 | D:1      | Reached skill level 1 in Conjurations
   453 | D:1      | Reached XP level 2. HP: 19/19 MP: 4/7
  1545 | D:2      | Reached XP level 3. HP: 23/24 MP: 0/9
  2131 | D:2      | Reached skill level 5 in Spellcasting
  2516 | D:3      | Reached XP level 4. HP: 30/30 MP: 6/11
  2978 | D:3      | Learned a level 3 spell: Conjure Flame
  2982 | D:3      | Learned a level 3 spell: Mephitic Cloud
  2985 | D:3      | Learned a level 2 spell: Blink
  3077 | D:3      | Noticed a big kobold
  3238 | D:3      | Engulfed by a cloud of flame

Illustrated notes

Levels and vault maps discovered:
D:1:      roderic_chinese_lattice_arrival, layout_rooms, serial_aquarium,
          aquarium_bridge_straight [aquarium_subvault_bridge,
          aquarium_subvault_wall, aquarium_subvault_bridge,
          aquarium_subvault_balcony], aquarium_bridge_square
          [aquarium_subvault_bridge, aquarium_subvault_bridge,
          aquarium_subvault_wall, aquarium_subvault_bridge],
          aquarium_window_corner, aquarium_window_2, aquarium_view_2d,
          aquarium_view_2g, aquarium_balcony_1b
D:2:      layout_rooms, patterned_corridor
D:3:      layout_rooms, uniq_crazy_yiuf_cottage

Skill      XL: |  1  2  3 |
---------------+----------+-----
Conjurations   | 1 2 |  2.5
Spellcasting   | 5 |  5.5
Dodging        | |  1.5
Stealth        | |  1.5
Summonings     | |  0.7
Translocations | |  0.7

Action                   |  1- 3 |  4- 6 || total
-------------------------+-------+-------++-------
Melee: Dagger            |     7 |    10 ||    17
 Cast: Magic Dart        |   115 |    46 ||   161
       Conjure Flame     |       |     2 ||     2
Armor: Robe              |     7 |     1 ||     8
Dodge: Dodged            |    26 |    10 ||    36

Table legend: (Time is in decaauts)
 A = Elapsed time spent in this place.
 B = Non-inter-level travel time spent in this place.
 C = Inter-level travel time spent in this place.
 D = Time resting spent in this place.
 E = Time spent auto-exploring this place.
 F = Levels seen in this place.
 G = Mean time per level.
                   A        B        C        D        E       F      G
               +--------+--------+--------+--------+--------+-----+--------+
         Total |   3244 |   3126 |    118 |    550 |   2094 |   3 | 1081.3 |
       Dungeon |   3244 |   3126 |    118 |    550 |   2094 |   3 | 1081.3 |
               +--------+--------+--------+--------+--------+-----+--------+

Top non-repeatable levels by time:
     D:2: 1339 daAuts
     D:1: 1312 daAuts
     D:3: 593 daAuts
